 Dungeon Crawl Stone Soup version 0.30-a0-883-g5ad918d77d (webtiles) character file.

Game seed: 7168214220953505965

81 Pimp the Stinger (level 4, -2/30 HPs)
             Began as a Merfolk Venom Mage on Mar 17, 2023.
             Slain by a bullfrog (4 damage)
             ... in a sewer.
             The game lasted 00:09:51 (1576 turns).

Pimp the Stinger (Merfolk Venom Mage)               Turns: 1576, Time: 00:09:52

Health: -2/30      AC:  3    Str:  8    XL:     4   Next: 42%
Magic:  4/7        EV: 16    Int: 16    God:
Gold:   55         SH:  0    Dex: 14    Spells: 6/7 levels left

rFire   . . .      SeeInvis .    l - +0 trident
rCold   . . .      Faith    .    (no shield)
rNeg    . . .      Spirit   .    a - +1 robe
rPois   .          Reflect  .    (no helmet)
rElec   .          Rampage  .    (no cloak)
rCorr   .                        (no gloves)
Will    .....                    (boots currently unavailable)
Stlth   +++                      (no amulet)
HPRegen 0.25/turn                (no ring)
MPRegen 0.10/turn                (no ring)

@: very quick
A: nimble swimmer 2, mertail
a: no special abilities


You were in a sewer.
You visited 1 branch of the dungeon, and saw 3 of its levels.
You also visited: Sewer.

You collected 55 gold pieces.

Inventory:

Hand Weapons
 c - a +0 hand axe
 d - a +0 quarterstaff
 f - a +0 mace
 j - a +0 short sword
 l - a +0 trident (weapon)
Armour
 a - a +1 robe (worn)
 h - a +0 leather armour
Jewellery
 i - a +6 ring of strength
Scrolls
 e - 2 scrolls of enchant armour


   Skills:
 - Level 0.5 Short Blades
 * Level 1.4 Polearms
 + Level 3.5 Dodging
 + Level 2.9 Stealth
 + Level 2.4 Spellcasting
 + Level 2.3 Transmutations
 + Level 3.8 Poison Magic


You had 6 spell levels left.
You knew the following spells:

 Your Spells              Type           Power      Damage    Failure   Level
a - Sting                 Tmut/Pois      44%        1d5       5%          1

Your spell library contained the following spells:

 Spells                   Type           Power      Damage    Failure   Level
 Poisonous Vapours        Pois/Air       16%        N/A       14%         2
 Magic Dart               Conj           4%         1d3       21%         1
 Summon Small Mammal      Summ           4%         N/A       21%         1
 Call Imp                 Summ           1%         N/A       30%         2
 Mephitic Cloud           Conj/Pois/Air  6%         N/A       34%         3
 Olgreb's Toxic Radiance  Pois           14%        N/A       38%         4
 Call Canine Familiar     Summ           1%         N/A       52%         3
 Summon Guardian Golem    Hex/Summ       1%         N/A       52%         3


Dungeon Overview and Level Annotations

Branches:
Dungeon (3/15)              Sewer (1/1)

Altars:

Shops:
D:1 !


Innate Abilities, Weirdness & Mutations

You are very nimble when in or above water. (Stealth+, EV+, Speed+++)
Your lower body shifts to a powerful aquatic tail in water.


Message History

Casting: Sting (safe; 5% risk of failure)
Confirm with . or Enter, or press ? or * to list all spells.
Aiming: Sting (safe; 5% risk of failure)
Press: ? - help, Shift-Dir - straight line, f - bullfrog, p - bullfrog
Aim: a bullfrog (moderately wounded, 64% to hit)
The sting hits the bullfrog.
The bullfrog is poisoned.
The bullfrog is heavily wounded.
The bullfrog hits you! The bullfrog completely misses you.
The bullfrog hits you.
You hit the bullfrog.
The bullfrog is moderately wounded.
The bullfrog hits you. x2; The bullfrog barely misses you.
The bullfrog closely misses you.
You closely miss the bullfrog.
Your tail-slap misses the bullfrog.
The bullfrog is heavily wounded.
The bullfrog barely misses you. The bullfrog misses you. The bullfrog hits you.
* * * LOW HITPOINT WARNING * * *
The bullfrog hits you.
* * * LOW HITPOINT WARNING * * *
Casting: Sting (safe; 5% risk of failure)
Confirm with . or Enter, or press ? or * to list all spells.
Aiming: Sting (safe; 5% risk of failure)
Press: ? - help, Shift-Dir - straight line, f/p - bullfrog
Aim: a bullfrog (severely wounded, poisoned, 64% to hit)
The sting hits the bullfrog.
The bullfrog looks even sicker.
The bullfrog is severely wounded.
The bullfrog hits you but does no damage.
The bullfrog misses you. The bullfrog closely misses you.
Casting: Sting (safe; 5% risk of failure)
Confirm with . or Enter, or press ? or * to list all spells.
Aiming: Sting (safe; 5% risk of failure)
Press: ? - help, Shift-Dir - straight line, f - bullfrog, p - bullfrog
Aim: a bullfrog (moderately wounded, poisoned, 64% to hit)
The sting hits the bullfrog.
The bullfrog looks even sicker.
The bullfrog is heavily wounded.
The bullfrog hits you but does no damage.
The bullfrog hits you.
* * * LOW HITPOINT WARNING * * *
The bullfrog hits you.
You die...

#.~~##.~≈~.#≈≈≈≈≈≈≈≈##
#.~.##.~≈~.#≈≈≈≈≈≈≈≈≈##
##~###.~≈~.~≈~≈≈≈≈≈≈≈≈#
#.# #.~≈~.≈~≈≈≈≈≈≈≈≈≈#
#.# #.~≈~.≈≈≈≈≈≈~≈≈≈≈##
#∩# #.~≈~.≈≈≈≈≈..~≈≈≈≈#
#.# #.~≈~~≈≈≈≈~?.~≈≈≈≈#
#∩# #.~≈~~≈≈≈~?F:.≈≈≈≈#
#.# #.†≈~≈≈≈≈~@F|≈≈≈≈≈#
### #.~≈≈~≈≈~~~~.≈≈≈≈≈#
#.~≈~≈~≈..~..~≈≈≈≈#
#.~≈~†~≈~~..~.~≈≈##
#.~†≈~≈≈~.≈~~.∩~≈#
#.~≈≈~≈≈≈~≈≈~.~≈≈#
#.~≈≈~≈≈≈≈~≈≈≈~≈##
#.~≈~~≈≈≈≈≈~≈≈≈≈#
#.~≈~.≈≈≈≈≈≈


You could see 2 bullfrogs.

Vanquished Creatures
  4 adders
  A dart slug (D:2)
  An orc (D:3)
  3 endoplasms
  4 giant cockroaches
  3 goblins
  2 hobgoblins
  6 quokkas
  6 ball pythons
  4 bats (D:2)
  6 frilled lizards
  2 kobolds (D:2)
42 creatures vanquished.

Vanquished Creatures (others)
  2 withered plants (D:2)
2 creatures vanquished.

Grand Total: 44 creatures vanquished

Notes
Turn   | Place    | Note
-------+----------+-------------------------------------------
     0 | D:1      | Pimp the Merfolk Venom Mage began the quest for the Orb.
     0 | D:1      | Reached XP level 1. HP: 13/13 MP: 3/3
    75 | D:1      | Found Naipnair's Distillery.
   214 | D:1      | Reached XP level 2. HP: 17/19 MP: 1/5
   704 | D:2      | Reached XP level 3. HP: 24/24 MP: 4/6
   786 | D:2      | Found a faded altar of an unknown god.
  1300 | D:3      | Found a glowing drain.
  1406 | Sewer    | Entered a sewer
  1461 | Sewer    | Reached skill level 1 in Polearms
  1461 | Sewer    | Reached XP level 4. HP: 16/30 MP: 4/7
  1558 | Sewer    | Noticed a bullfrog
  1558 | Sewer    | Noticed a bullfrog
  1576 | Sewer    | Slain by a bullfrog

Illustrated notes

Levels and vault maps discovered:
D:1:      dpeg_arrival_orchard, layout_rooms, serial_shops, nicolae_square_shop
D:2:      layout_loops_cross, ebering_ecumenical_altar_petrified
D:3:      minmay_wonky_spiral, layout_loops_ring, cheibrodos_sewer_entry_sluice
Sewer:    sewer_frog_island_01

Skill      XL: |  1  2  3 |
---------------+----------+-----
Dodging        | 3 |  3.5
Transmutations | 2 |  2.3
Polearms       | 1 |  1.4
Short Blades   | |  0.5
Stealth        | |  2.9
Spellcasting   | |  2.4
Poison Magic   | |  3.8

Action                     |  1- 3 |  4- 6 || total
---------------------------+-------+-------++-------
  Melee: Quarterstaff      |     4 |       ||     4
         Unarmed           |     2 |       ||     2
         Short sword       |    31 |       ||    31
         Mace              |     9 |       ||     9
         Trident           |    18 |    11 ||    29
         Tailslap          |     1 |     3 ||     4
   Cast: Sting             |    40 |    15 ||    55
    Use: Scroll            |     2 |     1 ||     3
         Potion            |       |     3 ||     3
   Stab: Sleeping          |     7 |       ||     7
 Armour: Robe              |    24 |     6 ||    30
  Dodge: Dodged            |    72 |    39 ||   111

Table legend: (Time is in decaauts)
 A = Elapsed time spent in this place.
 B = Non-inter-level travel time spent in this place.
 C = Inter-level travel time spent in this place.
 D = Time resting spent in this place.
 E = Time spent auto-exploring this place.
 F = Levels seen in this place.
 G = Mean time per level.
                   A        B        C        D        E       F      G
               +--------+--------+--------+--------+--------+-----+--------+
         Total |   1551 |   1507 |     44 |     86 |    972 |   4 |  387.8 |
       Dungeon |   1402 |   1358 |     44 |     50 |    972 |   3 |  467.3 |
         Sewer |    149 |    149 |      0 |     36 |      0 |   1 |  149.0 |
               +--------+--------+--------+--------+--------+-----+--------+

Top non-repeatable levels by time:
     D:2: 815 daAuts
     D:1: 465 daAuts
   Sewer: 149 daAuts
     D:3: 121 daAuts
